 Dungeon Crawl Stone Soup version 0.29-a0-1008-g949cc1d0fb (webtiles) character file.

Game seed: 685937557474037775

39 drpainis the Sneak (level 3, -3/16 HPs)
             Began as a Spriggan Enchanter on Aug 7, 2022.
             Was a Follower of Qazlal.
             Frozen to death by an endoplasm (4 damage)
             ... on level 2 of the Dungeon.
             The game lasted 00:03:04 (2430 turns).

drpainis the Sneak (Spriggan Enchanter)             Turns: 2430, Time: 00:03:05

Health: -3/16      AC:  2    Str:  4    XL:     3   Next: 28%
Magic:  5/8        EV: 18    Int: 16    God:    Qazlal [*.....]
Gold:   167        SH:  1    Dex: 17    Spells: 5/7 levels left

rFire   . . .      SeeInvis +   a - +1 dagger
rCold   . . .      Faith    .   (no shield)
rNeg    . . .      Spirit   .   b - +0 robe
rPois   .          Reflect  .   (helmet restricted)
rElec   .          Harm     .   (no cloak)
rCorr   .          Rampage  .   (gloves unavailable)
Will    .....                   (boots unavailable)
Stlth   +++.......              (no amulet)
HPRegen 0.05/turn               (no ring)
MPRegen 0.11/turn               (no ring)

@: very quick
A: very small, no large weapons, unfitting armour, see invisible, speed 3
a: Renounce Religion


You were on level 2 of the Dungeon.
You worshipped Qazlal.
Qazlal was aware of your devotion.
You visited 1 branch of the dungeon, and saw 2 of its levels.

You collected 167 gold pieces.

Inventory:

Hand Weapons
 a - a +1 dagger (weapon)
Armour
 b - a +0 robe (worn)
Magical Staves
 d - a staff of death
Scrolls
 e - a scroll of fog {unknown}
 g - a scroll of teleportation {unknown}
 h - a scroll of immolation {unknown}
 j - a scroll of noise {unknown}
Potions
 c - 2 potions of invisibility
 f - a potion of curing {unknown}
 i - a potion of ambrosia {unknown}


   Skills:
 + Level 0.3 Fighting
 + Level 1.7 Short Blades
 + Level 3.1 Dodging
 + Level 5.1 Stealth
 + Level 2.9 Spellcasting
 + Level 4.1 Hexes
 + Level 0.2 Ice Magic


You had 5 spell levels left.
You knew the following spells:

 Your Spells              Type           Power      Damage    Failure   Level
a - Ensorcelled Hibernat  Hex/Ice        18%        N/A       12%         2

Your spell library contained the following spells:

 Spells                   Type           Power      Damage    Failure   Level
 Confusing Touch          Hex            15%        N/A       11%         3
 Tukima's Dance           Hex            15%        N/A       11%         3
 Dazzling Flash           Conj/Hex       16%        N/A       24%         3


Dungeon Overview and Level Annotations

Branches:
Dungeon (2/15)

Altars:
Qazlal


Innate Abilities, Weirdness & Mutations

You are very small and have problems with some larger weapons.
You are too small for most types of armour.
You have supernaturally acute eyesight. (SInv)
You cover ground extremely quickly. (Speed+++)


Message History

Casting: Ensorcelled Hibernation (safe; 12% risk of failure)
Confirm with . or Enter, or press ? or * to list all spells.
Aiming: Ensorcelled Hibernation (safe; 12% risk of failure)
Press: ? - help, Shift-Dir - straight line, f - endoplasm
Aim: an endoplasm (chance to affect: 61%)
The endoplasm looks drowsy...
The endoplasm quivers.
You hit the endoplasm but do no damage. The endoplasm freezes you.
You are frozen.
You hit the endoplasm.
The endoplasm is moderately wounded.
The endoplasm jiggles.
The endoplasm barely misses you.
Your magical contamination has completely faded away.
You hit the endoplasm but do no damage.
The endoplasm is moderately wounded.
The endoplasm freezes you.
You are frozen.
You hit the endoplasm.
The endoplasm is heavily wounded.
The endoplasm closely misses you.
You hit the endoplasm.
The endoplasm is heavily wounded.
The endoplasm barely misses you.
You hit the endoplasm.
The endoplasm is severely wounded.
The endoplasm hits you. The endoplasm closely misses you.
The endoplasm freezes you.
You are frozen.
* * * LOW HITPOINT WARNING * * *
You hit the endoplasm.
The endoplasm is almost dead.
The endoplasm misses you.
You hit the endoplasm but do no damage.
The endoplasm is severely wounded.
The endoplasm freezes you.
You are frozen.
You die...

♣♣.♣♣. ♣♣~♣♣# . ♣~~.♣
.. # ♣~~♣♣ #.#.
#♣♣♣♣♣♣.♣♣♣
....#########~♣~~♣~~~~~
#.......(....~~~.~~~~
#.........#~♣♣♣♣~~~♣♣
#...@○....#♣♣♣ ♣~~~♣
#..:$J.......# ♣P~(♣
##..<...†..###.♣♣♣~♣♣
...?............♣ ♣~♣
..###.......#####. ♣.~
# ######### ..#


You could see an endoplasm.

Vanquished Creatures
  An adder (D:2)
  A worm (D:2)
  A dart slug (D:1)
  2 bats (D:1)
  An endoplasm (D:2)
  6 goblins (D:1)
  5 kobolds
  3 ball pythons
  2 frilled lizards (D:1)
  4 rats
26 creatures vanquished.

Vanquished Creatures (others)
  6 plants (D:2)
6 creatures vanquished.

Grand Total: 32 creatures vanquished

Notes
Turn   | Place    | Note
-------+----------+-------------------------------------------
     0 | D:1      | drpainis the Spriggan Enchanter began the quest for the
                  | Orb.
     0 | D:1      | Reached XP level 1. HP: 9/9 MP: 5/5
   378 | D:1      | Reached XP level 2. HP: 3/13 MP: 6/6
  1148 | D:1      | Learned a level 2 spell: Ensorcelled Hibernation
  1251 | D:2      | Reached skill level 5 in Stealth
  1592 | D:2      | Reached XP level 3. HP: 16/16 MP: 8/8
  1905 | D:2      | Found a faded altar of an unknown god.
  1961 | D:2      | Prayed at the altar of an unknown god.
  1961 | D:2      | Became a worshipper of Qazlal Stormbringer
  1961 | D:2      | Reached * piety under Qazlal
  2430 | D:2      | Frozen to death by an endoplasm

Illustrated notes

Levels and vault maps discovered:
D:1:      dpeg_arrival_rooms_a, layout_basic, kennysheep_flooded_box
D:2:      layout_loops_cross, shapermc_ecumenical_altar_petra,
          serial_bayou_crossing

Skill      XL: |  1  2 |
---------------+-------+-----
Hexes          | 4 |  4.1
Dodging        | 3 |  3.1
Stealth        | 5 |  5.1
Fighting       | |  0.3
Short Blades   | |  1.7
Spellcasting   | |  2.9
Ice Magic      | |  0.2

Action                   || total
-------------------------++-------
Melee: Dagger            ||    70
 Cast: Ensorcelled Hiber ||    14
 Stab: Sleeping          ||    10
Armor: Robe              ||     7
Dodge: Dodged            ||    51

Table legend: (Time is in decaauts)
 A = Elapsed time spent in this place.
 B = Non-inter-level travel time spent in this place.
 C = Inter-level travel time spent in this place.
 D = Time resting spent in this place.
 E = Time spent auto-exploring this place.
 F = Levels seen in this place.
 G = Mean time per level.
                   A        B        C        D        E       F      G
               +--------+--------+--------+--------+--------+-----+--------+
         Total |   1992 |   1978 |     14 |    966 |    675 |   2 |  996.0 |
       Dungeon |   1992 |   1978 |     14 |    966 |    675 |   2 |  996.0 |
               +--------+--------+--------+--------+--------+-----+--------+

Top non-repeatable levels by time:
     D:2: 1070 daAuts
     D:1: 922 daAuts
